AoeStats
← Chaac1706

Arabia

508324146Analyzed
1v1 RM · 11d ago on Sep 21, 2026· 46m 13s· 2 players
Game mode
Random Map
Map size
Tiny (2 player)
Population
200
Speed
Normal
Resources
Standard
Victory
Conquest
Starting age
Dark Age
Ending age
Imperial Age
RankedLock teamsTeams togetherTeam positionsShared explorationLock speedFull tech treeHidden civsTurbo modeCheats
Victory
Defeat
🇺🇸 Ethiopians · United States
1193
+16
🇨🇴 Muisca · Colombia
1188
-16
Chaac1706
5:54 Loom
9:32 Feudal Age
10:04 Double-Bit Axe
10:00 Champi Runner
16:00 Wheelbarrow
16:40 Padded Archer Armor
16:31 Fletching
27:09 Castle Age
25:32 Gold Mining
25:28 Horse Collar
27:53 Town Watch
28:23 Hand Cart
29:45 Scale Mail Armor
29:49 Squires
29:13 Champi Warrior
33:35 Squires
37:40 Chain Mail Armor
44:09 Bodkin Arrow
Steezmeister93
7:03 Loom
9:54 Feudal Age
10:48 Double-Bit Axe
14:29 Fletching
21:53 Horse Collar
24:28 Castle Age
23:18 Gold Mining
23:30 Scale Mail Armor
23:40 Forging
23:49 Forging
24:29 Crossbowman
25:39 Bodkin Arrow
26:02 Chain Mail Armor
26:22 Iron Casting
26:52 Bow Saw
33:34 Heavy Plow
41:35 Imperial Age
43:17 Plate Mail Armor
43:47 Blast Furnace
44:26 Conscription
43:31 Elite Shotel Warrior
44:16 Arbalester
46:06 Thumb Ring
Connection lost

Rejoining the realm…

Still unreachable

The connection could not be restored.

Session expired

The server has moved on; the page needs a fresh start.